AoeStats
← Folothommalannalkaani

Arabian Desert

509358102Analyzed
1v1 RM · 6d ago on Sep 26, 2026· 41m 36s· 2 players
Game mode
Random Map
Map size
Tiny (2 player)
Population
200
Speed
Normal
Resources
Standard
Victory
Conquest
Starting age
Dark Age
Ending age
Imperial Age
RankedLock teamsTeams togetherTeam positionsShared explorationLock speedFull tech treeHidden civsTurbo modeCheats
Victory
Defeat
🇫🇮 Sicilians · Finland
893
+18
🇬🇧 Burmese · United Kingdom
933
-18
Folothommalannalkaani
9:34 Feudal Age
12:08 Horse Collar
23:46 Castle Age
22:15 Double-Bit Axe
22:49 Fletching
24:27 Heavy Plow
24:39 Bow Saw
24:57 Husbandry
26:23 Bodkin Arrow
28:56 Padded Archer Armor
30:56 Wheelbarrow
30:58 Loom
31:06 Elite Skirmisher
32:14 Leather Archer Armor
32:19 Hand Cart
34:31 Gold Mining
36:22 Stone Mining
37:07 Gold Shaft Mining
39:35 Imperial Age
37:56 Ballistics
37:54 Scale Mail Armor
38:25 Town Watch
38:54 Scale Barding Armor
38:59 Forging
39:02 Masonry
40:29 Bracer
TheTitanicSwimTeam
8:48 Loom
10:47 Feudal Age
18:42 Castle Age
22:38 Horse Collar
26:42 Town Watch
28:16 Fletching
30:30 Wheelbarrow
29:59 Gold Mining
30:28 Heavy Plow
31:30 Bodkin Arrow
32:42 Padded Archer Armor
33:04 Ballistics
33:42 Scale Barding Armor
39:37 Imperial Age
39:43 Imperial Age
37:29 Hand Cart
38:40 Husbandry
38:50 Bloodlines
39:06 Chain Barding Armor
41:47 Chemistry
Connection lost

Rejoining the realm…

Still unreachable

The connection could not be restored.

Session expired

The server has moved on; the page needs a fresh start.